 Dungeon Crawl Stone Soup version 0.17.2-1-ge4368a0 (webtiles) character file.

57 tidbits the Sneak (level 3, -4/17 HPs)
             Began as a Felid Chaos Knight on Sept 15, 2017.
             Slain by a worm (12 damage)
             ... on level 3 of the Dungeon.
             The game lasted 00:05:22 (592 turns).

tidbits the Sneak (Felid Chaos Knight)               Turns: 592, Time: 00:05:23

Health: -4/17      AC:  1    Str:  8      XL:     3   Next: 73%
Magic:  4/4        EV: 18    Int: 13      God:    Xom [*.....]
Gold:   64         SH:  0    Dex: 15 (16) Spells: 0 memorised, 2 levels left
                                        Lives:  0   Deaths: 0

rFire  . . .     SeeInvis +       - Unarmed
rCold  . . .     Clarity  .     (armour unavailable)
rNeg   . . .     SustAt   .     (shield unavailable)
rPois  .         Gourm    .     (helmet unavailable)
rElec  .         Spirit   .     (cloak unavailable)
rCorr  .         Warding  .     (gloves unavailable)
rMut   .         Stasis   .     (boots unavailable)
MR     .....                    (no amulet)
Stlth  +++.......               (no ring)
                                (no ring)

@: quick, not resistant to hostile enchantments, fairly stealthy
A: no armour, no weapons or thrown items, claws 1, fangs 3, see invisible,
carnivore 3, deterioration 1, speed 1, shaggy fur 1, slow metabolism 1, wild
magic 1, sharp paws
a: Renounce Religion


You were on level 3 of the Dungeon.
You worshipped Xom.
You were a special plaything of Xom.
You were full.

You visited 1 branch of the dungeon, and saw 4 of its levels.

You collected 64 gold pieces.

Inventory:

Scrolls
 d - a scroll of remove curse
 e - a scroll of identify {unknown}
 g - a scroll of teleportation {unknown}
Potions
 c - a potion of brilliance {unknown}
Comestibles
 a - a meat ration
 b - a beef jerky
 i - a slice of pizza


   Skills:
 - Level 3.1 Fighting
 - Level 3.4 Dodging
 + Level 4.4 Stealth
 - Level 3.1 Unarmed Combat


You had 2 spell levels left.
You didn't know any spells.

Dungeon Overview and Level Annotations

Branches:
Dungeon (4/15)
 Temple: D:4-7

Altars:


Innate Abilities, Weirdness & Mutations

You cannot wear armour.
You are incapable of wielding weapons or throwing items.
You have sharp claws.
You have razor-sharp teeth.
You have supernaturally acute eyesight.
You are carnivorous and can eat meat at any time.
You cover ground quickly.
You are covered in fur (AC +1).
You have a slow metabolism.
Your sharp claws are effective at attacking unaware monsters.
Your body sometimes deteriorates upon taking damage.
Your spells are a little harder to cast, but a little more powerful.


Message History

Drink which item? (? for menu, Esc to quit)
It was a potion of ambrosia.
You are confused.
You feel invigorated.
Xom is highly amused!
You feel sick. The adder closely misses you.
You're too confused to move!
The adder misses you.
You're too confused to move!
You feel sick. The adder completely misses you. The adder bites you.
You bump into the rock wall.
The adder misses you.
You barely miss the adder. Your bite misses the adder.
The adder is severely wounded.
The adder misses you.
You bump into the rock wall.
You feel less invigorated.
You feel less confused.
You feel sick. The adder barely misses you.
The adder bites you but does no damage.
You scratch the adder.
The adder is severely wounded.
Xom titters.
The worm looks rather confused.
You are now a special plaything of Xom.
The adder bites you.
You scratch the adder but do no damage.
The adder is severely wounded.
The adder bites you.
You are more poisoned.
The adder poisons you!
The worm completely misses the adder.
You closely miss the adder.
The adder is severely wounded.
You feel sick. The adder bites you.
You closely miss the adder.
The adder is severely wounded.
The adder misses you. The adder completely misses you.
You scratch the adder.
You kill the adder!
Your Stealth skill increases to level 4!
You feel sick.
Drink which item? (? for menu, Esc to quit)
It was a potion of mutation.
You feel extremely strange.
You feel less in control of your magic.
You feel yourself wasting away.
The worm is no longer moving slowly.
Drink which item? (? for menu, Esc to quit)
It was a potion of curing.
You feel better.
You scratch the worm. You bite the worm.
The worm is moderately wounded.
You scratch the worm.
The worm is moderately wounded.
You scratch the worm.
The worm is heavily wounded.
You catch the helpless worm completely off-guard!
You claw the worm!
You kill the worm!
There is a stone staircase leading down here.
You climb downwards.
Found a glowing spear and 8 gold pieces.
Found a stone staircase leading up.
There is a stone staircase leading up here.
You now have 64 gold pieces (gained 8).
Found a fizzy purple potion.
There is a stone staircase leading up here.
You climb upwards.
A rat comes into view.
Found an escape hatch in the floor.
There is a stone staircase leading down here.
You pounce on the unaware helpless rat!
You mangle the rat!!
You kill the rat!
You climb downwards.
There is a stone staircase leading up here.
Found a stone staircase leading up.
c - a fizzy purple potion
There is a stone staircase leading up here.
You climb upwards.
A rat and a worm come into view.
Found a bread ration.
There is a stone staircase leading down here.
The helpless worm fails to defend itself.
You claw the worm!
The worm is almost dead.
The worm bites you!
Ouch! That really hurt!
* * * LOW HITPOINT WARNING * * *
Your body deteriorates!
You feel clumsy.
You barely miss the worm.
The worm is severely wounded.
You barely miss the worm.
The worm is severely wounded.
The worm barely misses you.
You scratch the worm but do no damage.
The worm is severely wounded.
The rat barely misses you. The worm misses you.
You scratch the worm.
The worm is almost dead.
The rat barely misses you.
You scratch the worm.
The worm is almost dead.
The rat closely misses you. The worm bites you!
Ouch! That really hurt!
You die...

#... #...
##.. #...
#..# #..#
#..# #r>#
#@%#
.......w.#
########.#
#.# ..#
###


You could see a worm and a rat.

Vanquished Creatures
  2 adders
  An ooze (D:1)
  A worm (D:3)
  A giant gecko (D:1)
  An orc (D:3)
  A giant cockroach (D:2)
  4 hobgoblins
  4 jackals
  5 bats
  A giant newt (D:2)
  2 goblins (D:2)
  2 kobolds (D:3)
  5 rats
30 creatures vanquished.

Notes
Turn   | Place    | Note
--------------------------------------------------------------
     0 | D:1      | tidbits the Felid Chaos Knight began the quest for the Orb.
     0 | D:1      | Reached XP level 1. HP: 10/10 MP: 2/2
   110 | D:2      | Reached skill level 1 in Stealth
   114 | D:2      | Reached XP level 2. HP: 12/14 MP: 3/3
   172 | D:1      | Reached skill level 2 in Stealth
   224 | D:2      | XOM: potion effect (berserk rage)
   344 | D:2      | XOM: harmless Air miscast
   355 | D:2      | Reached skill level 3 in Stealth
   355 | D:2      | Reached XP level 3. HP: 14/17 MP: 4/4
   373 | D:2      | XOM: silly message
   438 | D:2      | XOM: silly message
   513 | D:3      | XOM: chaos cloud
   528 | D:3      | XOM: confuse monster(s)
   532 | D:3      | Reached skill level 4 in Stealth
   533 | D:3      | Gained mutation: Your spells are a little harder to cast, but a little more powerful. [potion of mutation]
   533 | D:3      | Gained mutation: Your body sometimes deteriorates upon taking damage. [potion of mutation]
   592 | D:3      | Slain by a worm

Action                   || total
-------------------------++-------
Melee: Unarmed           ||    94
  Use: Potion            ||     3
       Scroll            ||     1
 Stab: Sleeping          ||     4
       Confused          ||     1
  Eat: Chunk             ||     5

Table legend:
 A = Turns spent in this place as a percentage of turns spent in the entire game.
 B = Non-inter-level travel turns spent in this place as a percentage of non-inter-level travel turns spent in the entire game.
 C = Inter-level travel turns spent in this place as a percentage of turns spent in this place.
 D = Turns resting spent in this place as a percentage of non-inter-level travel turns spent in this place.
 E = Turns spent auto-exploring this place as a percentage of non-inter-level travel turns spent in this place.
 F = Non-inter-level travel turns spent in this place divided by the number of levels of this place that you've seen.
                   A       B       C       D       E      F
               +-------+-------+-------+-------+-------+----------------------
         Total | 100.0 | 100.0 |   0.0 |   0.0 |   0.0 | 139.0
       Dungeon | 100.0 | 100.0 |   0.0 |   0.0 |   0.0 | 139.0
               +-------+-------+-------+-------+-------+----------------------

Table legend:
 A = Kills in this place as a percentage of kills in entire the game.
 B = Kills by you in this place as a percentage of kills by you in the entire game.
 C = Kills by friends in this place as a percentage of kills by friends in the entire game.
 D = Other kills in this place as a percentage of other kills in the entire game.
 E = Experience gained in this place as a percentage of experience gained in the entire game.
 F = Experience gained in this place divided by the number of levels of this place that you have seen.
                   A       B       C       D       E      F
               +-------+-------+-------+-------+-------+----------------------
         Total | 100.0 | 100.0 |  -nan |  -nan | 100.0 |  20.5
       Dungeon | 100.0 | 100.0 |  -nan |  -nan | 100.0 |  20.5
               +-------+-------+-------+-------+-------+----------------------

Vault maps used:
D:1:      evilmike_arrival_run_for_it, hangedman_decor_push
D:2:      xom_redecorated, lemuel_coloured_pillars_altar, bloody_trog,
          hangedman_decor_clover_reticule, hangedman_decor_growths
D:3:      lemuel_doored_altar, uniq_grinder
D:4:      cheibriados_altar_wand_db, serial_shops, shop_scrolls,
          nicolae_shop_crystal, shop
